 Dungeon Crawl Stone Soup version 0.30-a0-222-ge547ba4400 (webtiles) character file.

Game seed: 13236124442678436818

2850 qw the Cleaver (level 9, -7/57 HPs)
             Began as a Gargoyle Fighter on Oct 8, 2022.
             Was a Follower of Okawaru.
             Mangled by a large abomination (12 damage)
             ... on level 1 of the Abyss.
             The game lasted 00:03:06 (6552 turns).

qw the Cleaver (Gargoyle Fighter)                   Turns: 6552, Time: 00:03:07

Health: -7/57      AC: 28    Str: 24    XL:     9   Next: 74%
Magic:  9/10       EV: 14    Int:  9    God:    Okawaru [*.....]
Gold:   362        SH:  5    Dex:  9    Spells: 8/8 levels left

rFire   . . .      SeeInvis .    u - +0 war axe
rCold   . . .      Faith    .    c - +0 buckler
rNeg    + . .      Spirit   .    e - +1 chain mail {rPois}
rPois   inf        Reflect  .    p - +1 helmet
rElec   +          Harm     .    (no cloak)
rCorr   .          Rampage  .    (no gloves)
Will    .....                    k - +2 pair of boots {Fly}
Stlth   ..........               (no amulet)
HPRegen 0.29/turn                i - +4 ring of evasion
MPRegen 0.12/turn                h - +4 ring of protection

@: heroic, flying
A: sickness immunity, AC +6, negative energy resistance 1, electricity
resistance, torment resistance 1, petrification resistance
a: Renounce Religion, Heroism


You were on level 1 of the Abyss.
You worshipped Okawaru.
Okawaru was aware of your devotion.
You visited 2 branches of the dungeon, and saw 9 of its levels.
You visited the Abyss 1 time.

You collected 362 gold pieces.


Innate Abilities, Weirdness & Mutations

You are immune to sickness and miasma.
Your stone body is resilient. (AC +6)
You are immune to poison.
You resist negative energy. (rN+)
You are resistant to electric shocks. (rElec)
You are resistant to unholy torment.
You are immune to petrification.


   Skills:
 - Level 7.1(12.1) Fighting
 + Level 9.1(14.1) Axes
 - Level 2.8(7.8) Throwing
 - Level 5.0(10.0) Armour
 - Level 2.2(7.2) Dodging
 - Level 4.1(9.1) Shields
 + Level 2.3 Invocations


You had 8 spell levels left.
You didn't know any spells.
Your spell library was empty.

Inventory:

Hand Weapons
 l - a +0 morningstar
 u - a +0 war axe (weapon)
Missiles
 q - 3 boomerangs (quivered)
Armour
 c - a +0 buckler (worn)
 e - a +1 chain mail of poison resistance (worn)
 k - a +2 pair of boots of flying (worn)
 p - a +1 helmet (worn)
Jewellery
 b - a ring of resist corrosion
 h - a +4 ring of protection (right hand)
 i - a +4 ring of evasion (left hand)
Wands
 f - a wand of digging (3)
Scrolls
 a - a scroll of identify
Potions
 d - 5 potions of might
 g - a potion of lignification
 j - a potion of attraction
 o - a potion of haste
 t - a potion of resistance

Dungeon Overview and Level Annotations

Branches:
Dungeon (8/15)             Temple (1/1) D:4
   Lair: D:8-11

Altars:
Ashenzari
Cheibriados
Fedhas
Gozag
Hepliaklqana
Kikubaaqudgha
Okawaru
Qazlal
Trog
Uskayaw
Xom
Yredelemnul
The Shining One

Annotations:
D:8 Psyche; qw's ghost, novice GrFi


Message History

6469 ||| DROPPING +6 ring of dexterity.
You drop a +6 ring of dexterity.
6478 ||| Stepping ~*~*~tactically~*~*~ (stealth).
You feel a little less agile now.
A neqoxec comes into view.
6529 ||| Stepping ~*~*~tactically~*~*~ (stealth).
A large abomination comes into view.
The large abomination closely misses you.
You closely miss the large abomination.
The large abomination barely misses you.
You hit the large abomination.
The large abomination is lightly damaged.
The large abomination hits you!!
6543 ||| INVOKING Heroism.
You gain the combat prowess of a mighty hero.
The large abomination hits you!!
You hit the large abomination but do no damage.
The large abomination is lightly damaged.
You barely miss the large abomination.
The large abomination is lightly damaged.
The large abomination hits you!
You hit the large abomination.
The large abomination is lightly damaged.
You block the large abomination's attack.
You hit the large abomination.
The large abomination is moderately damaged.
You slash the large abomination!
The large abomination is heavily damaged.
You block the large abomination's attack.
You hit the large abomination but do no damage.
The large abomination is heavily damaged.
The large abomination hits you.
You barely miss the large abomination.
The large abomination is heavily damaged.
You hit the large abomination.
The large abomination is heavily damaged.
The large abomination closely misses you.
You hit the large abomination.
The large abomination is severely damaged.
The large abomination hits you!
You die...

.. .##.##..
..##.....#. ##
#.#..#...##.##
#............ . .
#..........##
.#......#....## ##
#.....X.......#.#.
. .#@............
#.#....##..... .
######..#.. . #
..=... . .
..#..>#.. ยค..
...#_# .###
..##.#. . .. . . .
. ..# .


You could see a large abomination.

Vanquished Creatures
  Grinder (D:6)
  2 wyverns
  2 steam dragons
  Menkaure (D:6)
  A water moccasin (D:6)
  2 sky beasts (D:7)
  An ice beast (D:5)
  An orc warrior (D:7)
  2 ogres
  A centaur (D:8)
  A bullfrog (D:6)
  A scorpion (D:5)
  2 necrophages
  4 wights (D:7)
  3 killer bees (D:8)
  A jelly (D:5)
  3 orc priests
  4 hounds
  A gnoll bouda (D:8)
  An iguana (D:4)
  9 orc wizards
  3 gnolls (D:8)
  4 adders
  A white imp (D:6)
  An ufetubus (D:6)
  A worm (D:2)
  2 dart slugs
  53 orcs
  4 endoplasms
  4 giant cockroaches
  9 goblins
  5 hobgoblins
  5 jackals
  8 kobolds
  3 quokkas
  8 ball pythons
  2 bats
  5 frilled lizards
  6 rats
168 creatures vanquished.

Vanquished Creatures (others)
  5 dream sheep (D:5)
  An orc priest (D:8)
  2 orcs (D:8)
  3 plants
11 creatures vanquished.

Grand Total: 179 creatures vanquished

Notes
Turn   | Place    | Note
-------+----------+-------------------------------------------
     0 | D:1      | qw the Gargoyle Fighter began the quest for the Orb.
     0 | D:1      | Reached XP level 1. HP: 14/14 MP: 1/1
     0 | D:1      | 0 ||| qw: Version: 0.2-a-17-gfa9de96
     0 | D:1      | 0 ||| qw: Game counter: 1987
     0 | D:1      | 0 ||| qw: Always use a shield: true
     0 | D:1      | 0 ||| qw: God list: Okawaru
     0 | D:1      | 0 ||| qw: Allow faded altars: false
     0 | D:1      | 0 ||| qw: Do Orc after D:15 true
     0 | D:1      | 0 ||| qw: Do second Lair branch before Depths: true
     0 | D:1      | 0 ||| qw: Lair rune preference: random
     0 | D:1      | 0 ||| qw: Plans: Normal, Zot:1-4, God:TSO, Crypt, Tomb,
                  | Pan, Slime:5, Hells, Abyss, Orb
     0 | D:1      | 0 ||| PLANNING D:1-11
    69 | D:1      | Reached skill level 2 in Axes
   167 | D:1      | 167 ||| Stepping ~*~*~tactically~*~*~ (stealth).
   172 | D:1      | 172 ||| Stepping ~*~*~tactically~*~*~ (stealth).
   173 | D:1      | 173 ||| Stepping ~*~*~tactically~*~*~ (stealth).
   179 | D:1      | Reached XP level 2. HP: 19/19 MP: 2/2
   229 | D:1      | 229 ||| Stepping ~*~*~tactically~*~*~ (stealth).
   230 | D:1      | 230 ||| Stepping ~*~*~tactically~*~*~ (stealth).
   231 | D:1      | 231 ||| Stepping ~*~*~tactically~*~*~ (stealth).
   461 | D:1      | 461 ||| Stepping ~*~*~tactically~*~*~ (stealth).
   465 | D:1      | Reached skill level 3 in Axes
   465 | D:1      | 465 ||| Stepping ~*~*~tactically~*~*~ (stealth).
   467 | D:1      | 467 ||| Stepping ~*~*~tactically~*~*~ (stealth).
   469 | D:1      | 469 ||| Stepping ~*~*~tactically~*~*~ (stealth).
   470 | D:1      | 470 ||| Stepping ~*~*~tactically~*~*~ (stealth).
   471 | D:1      | 471 ||| Stepping ~*~*~tactically~*~*~ (stealth).
   484 | D:1      | 484 ||| Stepping ~*~*~tactically~*~*~ (stealth).
   485 | D:1      | 485 ||| Stepping ~*~*~tactically~*~*~ (stealth).
   533 | D:1      | 533 ||| Stepping ~*~*~tactically~*~*~ (stealth).
   534 | D:1      | 534 ||| Stepping ~*~*~tactically~*~*~ (stealth).
   717 | D:1      | Reached XP level 3. HP: 23/23 MP: 3/3
   748 | D:1      | 748 ||| READING scroll labelled CUONGI GELUISI.
   751 | D:1      | 751 ||| READING scroll labelled NIPYES RONACEU.
   752 | D:1      | 752 ||| READING scroll labelled MUNEDE SOTHROWN.
   753 | D:1      | 753 ||| READING scroll labelled ENUHAS XOLOACW.
   754 | D:1      | 754 ||| READING scroll labelled CENESE TAKAOCLO.
   755 | D:1      | 755 ||| READING scroll labelled OMNEED EZYQELA.
   915 | D:2      | 915 ||| Stepping ~*~*~tactically~*~*~ (stealth).
   929 | D:2      | 929 ||| DROPPING +0 club.
  1306 | D:2      | 1306 ||| UPGRADING to +0 chain mail.
  1316 | D:2      | 1316 ||| DROPPING +0 scale mail.
  1317 | D:2      | 1317 ||| DROPPING +0 scale mail of poison resistance.
  1318 | D:2      | 1318 ||| UPGRADING to ring of resist corrosion.
  1319 | D:2      | 1319 ||| READING 3 scrolls labelled ONORAIR KARGHO.
  1320 | D:2      | 1320 ||| READING scroll labelled GUSIDU NAIVOALA.
  1321 | D:2      | 1321 ||| READING 2 scrolls of identify.
  1321 | D:2      | 1321 ||| IDENTIFYING coppery potion
  1397 | D:3      | Found a faded altar of an unknown god.
  1433 | D:3      | 1433 ||| Stepping ~*~*~tactically~*~*~ (stealth).
  1435 | D:3      | 1435 ||| Stepping ~*~*~tactically~*~*~ (stealth).
  1489 | D:3      | Noticed an ogre
  1490 | D:3      | 1490 ||| Stepping ~*~*~tactically~*~*~ (stealth).
  1491 | D:3      | 1491 ||| Stepping ~*~*~tactically~*~*~ (stealth).
  1498 | D:3      | Reached XP level 4. HP: 27/28 MP: 4/4
  1507 | D:3      | Killed an ogre
  1508 | D:3      | Reached skill level 4 in Axes
  1508 | D:3      | Reached XP level 5. HP: 15/32 MP: 5/5
  1716 | D:3      | 1716 ||| Stepping ~*~*~tactically~*~*~ (stealth).
  1718 | D:3      | 1718 ||| Stepping ~*~*~tactically~*~*~ (stealth).
  1720 | D:3      | 1720 ||| Stepping ~*~*~tactically~*~*~ (stealth).
  1730 | D:3      | 1730 ||| Stepping ~*~*~tactically~*~*~ (stealth).
  1887 | D:3      | Reached skill level 5 in Axes
  2080 | D:3      | 2080 ||| UPGRADING to +1 hat.
  2085 | D:3      | 2085 ||| UPGRADING to +2 pair of boots of flying.
  2090 | D:3      | 2090 ||| UPGRADING to +0 helmet.
  2100 | D:3      | 2100 ||| DROPPING +1 hat.
  2101 | D:3      | 2101 ||| DROPPING +2 hat.
  2102 | D:3      | 2102 ||| UPGRADING to ring of positive energy.
  2103 | D:3      | 2103 ||| READING scroll labelled NOOMI OSCHAROU.
  2104 | D:3      | 2104 ||| DRINKING 2 yellow potions.
  2105 | D:3      | 2105 ||| DRINKING 3 smoky emerald potions.
  2106 | D:3      | 2106 ||| DROPPING potion of brilliance.
  2107 | D:3      | 2107 ||| DROPPING 2 potions of flight.
  2149 | D:4      | Found a blossoming altar of Fedhas.
  2166 | D:4      | 2166 ||| FLEEEEING.
  2167 | D:4      | 2167 ||| FLEEEEING.
  2169 | D:4      | 2169 ||| FLEEEEING.
  2170 | D:4      | 2170 ||| Stepping ~*~*~tactically~*~*~ (stealth).
  2171 | D:4      | 2171 ||| FLEEEEING.
  2172 | D:4      | 2172 ||| FLEEEEING.
  2173 | D:4      | 2173 ||| FLEEEEING.
  2174 | D:4      | 2174 ||| FLEEEEING.
  2195 | D:4      | 2195 ||| Stepping ~*~*~tactically~*~*~ (stealth).
  2199 | D:4      | 2199 ||| Stepping ~*~*~tactically~*~*~ (stealth).
  2215 | D:4      | Reached XP level 6. HP: 38/38 MP: 6/6
  2236 | D:4      | Found a staircase to the Ecumenical Temple.
  2237 | D:4      | 2237 ||| PLANNING TEMPLE
  2238 | D:4      | 2238 ||| FLEEEEING.
  2239 | D:4      | 2239 ||| FLEEEEING.
  2240 | D:4      | 2240 ||| FLEEEEING.
  2244 | D:4      | 2244 ||| STAIRDANCE
  2248 | D:4      | 2248 ||| STAIRDANCE
  2253 | D:4      | 2253 ||| STAIRDANCE
  2262 | D:4      | 2262 ||| FLEEEEING.
  2267 | D:4      | 2267 ||| STAIRDANCE
  2274 | D:4      | 2274 ||| STAIRDANCE
  2291 | Temple   | Entered the Ecumenical Temple
  2304 | Temple   | 2304 ||| PLANNING D:1-11
  2445 | D:4      | 2445 ||| FLEEEEING.
  2446 | D:4      | 2446 ||| FLEEEEING.
  2447 | D:4      | 2447 ||| FLEEEEING.
  2448 | D:4      | 2448 ||| FLEEEEING.
  2450 | D:4      | 2450 ||| FLEEEEING.
  2451 | D:4      | 2451 ||| FLEEEEING.
  2452 | D:4      | 2452 ||| FLEEEEING.
  2453 | D:4      | 2453 ||| FLEEEEING.
  2454 | D:4      | 2454 ||| FLEEEEING.
  2455 | D:4      | 2455 ||| FLEEEEING.
  2456 | D:4      | 2456 ||| FLEEEEING.
  2457 | D:4      | 2457 ||| FLEEEEING.
  2458 | D:4      | 2458 ||| FLEEEEING.
  2459 | D:4      | 2459 ||| FLEEEEING.
  2460 | D:4      | 2460 ||| FLEEEEING.
  2461 | D:4      | 2461 ||| FLEEEEING.
  2465 | D:4      | 2465 ||| FLEEEEING.
  2469 | D:4      | 2469 ||| FLEEEEING.
  2470 | D:4      | 2470 ||| FLEEEEING.
  2471 | D:4      | 2471 ||| FLEEEEING.
  2472 | D:4      | 2472 ||| FLEEEEING.
  2473 | D:4      | 2473 ||| FLEEEEING.
  2474 | D:4      | 2474 ||| FLEEEEING.
  2476 | D:4      | 2476 ||| FLEEEEING.
  2494 | D:4      | 2494 ||| DROPPING +0 whip.
  2518 | D:4      | 2518 ||| Stepping ~*~*~tactically~*~*~ (stealth).
  2905 | D:4      | 2905 ||| UPGRADING to +6 ring of dexterity.
  2907 | D:4      | 2907 ||| UPGRADING to +4 ring of evasion.
  2909 | D:4      | 2909 ||| UPGRADING to ring of resist corrosion.
  2911 | D:4      | 2911 ||| UPGRADING to +6 ring of dexterity.
  2913 | D:4      | 2913 ||| DROPPING ring of positive energy.
  2914 | D:4      | 2914 ||| READING scroll labelled BELIAH GYRE.
  2915 | D:4      | 2915 ||| DRINKING 2 fizzy orange potions.
  2916 | D:4      | 2916 ||| DRINKING 2 brown potions.
  2917 | D:4      | 2917 ||| DROPPING potion of degeneration.
  2945 | D:5      | Entered Level 5 of the Dungeon
  3000 | D:5      | Noticed an ice beast
  3012 | D:5      | Killed an ice beast
  3013 | D:5      | Reached skill level 1 in Dodging
  3013 | D:5      | Reached XP level 7. HP: 43/43 MP: 7/7
  3056 | D:5      | Found an opulent altar of Gozag.
  3133 | D:5      | 3133 ||| Stepping ~*~*~tactically~*~*~ (hiding).
  3134 | D:5      | 3134 ||| Stepping ~*~*~tactically~*~*~ (hiding).
  3152 | D:5      | Reached skill level 6 in Axes
  3162 | D:5      | 3162 ||| FLEEEEING.
  3163 | D:5      | 3163 ||| Stepping ~*~*~tactically~*~*~ (stealth).
  3213 | D:5      | 3213 ||| FLEEEEING.
  3310 | D:5      | 3310 ||| Stepping ~*~*~tactically~*~*~ (stealth).
  3346 | D:5      | 3346 ||| Stepping ~*~*~tactically~*~*~ (hiding).
  3423 | D:5      | Found a basalt altar of Yredelemnul.
  3613 | D:5      | Noticed a dream sheep
  3613 | D:5      | Noticed a dream sheep
  3613 | D:5      | Noticed a dream sheep
  3613 | D:5      | Noticed a dream sheep
  3613 | D:5      | Noticed a dream sheep
  3613 | D:5      | Found a shimmering altar of Xom.
  3617 | D:5      | Killed a dream sheep
  3617 | D:5      | Killed a dream sheep
  3618 | D:5      | 3618 ||| Stepping ~*~*~tactically~*~*~ (cloud).
  3618 | D:5      | Killed a dream sheep
  3618 | D:5      | Killed a dream sheep
  3618 | D:5      | Killed a dream sheep
  3885 | D:6      | Reached skill level 7 in Axes
  3887 | D:6      | HP: 10/43 [orc/+0 hand axe (3)]
  3888 | D:6      | 3888 ||| READING scroll of teleportation.
  4010 | D:6      | Noticed Menkaure
  4011 | D:6      | 4011 ||| Stepping ~*~*~tactically~*~*~ (hiding).
  4013 | D:6      | 4013 ||| Stepping ~*~*~tactically~*~*~ (hiding).
  4021 | D:6      | Killed Menkaure
  4022 | D:6      | Reached XP level 8. HP: 49/49 MP: 8/8
  4154 | D:6      | Noticed Grinder
  4166 | D:6      | 4166 ||| FLEEEEING.
  4167 | D:6      | 4167 ||| FLEEEEING.
  4174 | D:6      | Killed Grinder
  4557 | D:6      | 4557 ||| Stepping ~*~*~tactically~*~*~ (stealth).
  4567 | D:6      | 4567 ||| Stepping ~*~*~tactically~*~*~ (hiding).
  4668 | D:6      | Found a hide-covered altar of Uskayaw.
  4683 | D:6      | 4683 ||| Stepping ~*~*~tactically~*~*~ (hiding).
  4701 | D:6      | Reached skill level 8 in Axes
  4701 | D:6      | 4701 ||| Stepping ~*~*~tactically~*~*~ (cloud).
  4984 | D:6      | Found a snail-covered altar of Cheibriados.
  5266 | D:6      | 5266 ||| DROPPING ring of willpower.
  5267 | D:6      | 5267 ||| READING 2 scrolls of identify.
  5267 | D:6      | 5267 ||| IDENTIFYING lumpy purple potion
  5337 | D:7      | Reached XP level 9. HP: 38/55 MP: 9/9
  5343 | D:7      | Reached skill level 6 in Fighting
  5397 | D:7      | 5397 ||| DROPPING +0 flail.
  5449 | D:7      | 5449 ||| Stepping ~*~*~tactically~*~*~ (stealth).
  5530 | D:7      | Found an iron altar of Okawaru.
  5531 | D:7      | 5531 ||| PLANNING OKAWARU WORSHIP
  5538 | D:7      | Became a worshipper of Warmaster Okawaru
  5539 | D:7      | 5539 ||| PLANNING D:1-11
  5724 | D:7      | Reached skill level 9 in Axes
  5810 | D:7      | 5810 ||| FLEEEEING.
  5811 | D:7      | 5811 ||| FLEEEEING.
  5813 | D:7      | 5813 ||| FLEEEEING.
  5814 | D:7      | 5814 ||| FLEEEEING.
  5815 | D:7      | 5815 ||| FLEEEEING.
  5816 | D:7      | 5816 ||| FLEEEEING.
  5818 | D:7      | 5818 ||| FLEEEEING.
  5819 | D:7      | 5819 ||| FLEEEEING.
  5976 | D:7      | 5976 ||| READING 4 scrolls of identify.
  5976 | D:7      | 5976 ||| IDENTIFYING cyan potion
  5977 | D:7      | 5977 ||| READING 3 scrolls of identify.
  5977 | D:7      | 5977 ||| IDENTIFYING bubbling grey potion
  5978 | D:7      | 5978 ||| READING 2 scrolls of identify.
  5978 | D:7      | 5978 ||| IDENTIFYING fizzy grey potion
  5979 | D:7      | 5979 ||| DROPPING potion of invisibility.
  5989 | D:8      | Noticed a two-headed ogre
  6071 | D:8      | 6071 ||| Stepping ~*~*~tactically~*~*~ (stealth).
  6078 | D:8      | 6078 ||| Stepping ~*~*~tactically~*~*~ (hiding).
  6099 | D:8      | Noticed qw's ghost (novice GrFi)
  6201 | D:8      | 6201 ||| Stepping ~*~*~tactically~*~*~ (hiding).
  6210 | D:8      | 6210 ||| Stepping ~*~*~tactically~*~*~ (stealth).
  6219 | D:8      | Reached * piety under Okawaru
  6222 | D:8      | 6222 ||| Stepping ~*~*~tactically~*~*~ (stealth).
  6239 | D:8      | 6239 ||| Stepping ~*~*~tactically~*~*~ (stealth).
  6240 | D:8      | 6240 ||| Stepping ~*~*~tactically~*~*~ (stealth).
  6241 | D:8      | 6241 ||| Stepping ~*~*~tactically~*~*~ (stealth).
  6242 | D:8      | 6242 ||| Stepping ~*~*~tactically~*~*~ (hiding).
  6244 | D:8      | 6244 ||| INVOKING Heroism.
  6256 | D:8      | 6256 ||| INVOKING Heroism.
  6263 | D:8      | HP: 9/57 [steam dragon (8)]
  6264 | D:8      | 6264 ||| DRINKING potion of heal wounds.
  6266 | D:8      | Reached skill level 1 in Invocations
  6400 | D:8      | 6400 ||| READING scroll of enchant armour.
  6400 | D:8      | 6400 ||| ENCHANTING +0 helmet.
  6436 | D:8      | 6436 ||| Stepping ~*~*~tactically~*~*~ (stealth).
  6437 | D:8      | Noticed Psyche
  6438 | D:8      | 6438 ||| INVOKING Heroism.
  6455 | Abyss:1  | Found a corrupted altar of Lugonu.
  6455 | Abyss:1  | Cast into level 1 of the Abyss (Psyche)
  6456 | Abyss:1  | 6456 ||| UPGRADING to +1 chain mail of poison resistance.
  6466 | Abyss:1  | 6466 ||| DROPPING +0 chain mail.
  6467 | Abyss:1  | 6467 ||| UPGRADING to +4 ring of protection.
  6469 | Abyss:1  | 6469 ||| DROPPING +6 ring of dexterity.
  6478 | Abyss:1  | Noticed a large abomination
  6478 | Abyss:1  | 6478 ||| Stepping ~*~*~tactically~*~*~ (stealth).
  6529 | Abyss:1  | 6529 ||| Stepping ~*~*~tactically~*~*~ (stealth).
  6543 | Abyss:1  | 6543 ||| INVOKING Heroism.
  6545 | Abyss:1  | HP: 9/57 [large abomination (7)]
  6549 | Abyss:1  | HP: 4/57 [large abomination (6)]
  6552 | Abyss:1  | Mangled by a large abomination

Levels and vault maps discovered:
D:1:      minmay_arrival_loop, layout_loops_ring
D:2:      layout_basic
D:3:      layout_basic, dreamdust_ecumenical_altar_statues,
          minmay_shallow_snake_nest
D:4:      layout_loops_ring, mainiacjoe_overflow_six_doors_small,
          minmay_temple_entry_large_hall, minmay_misc_feat_square
D:5:      layout_loops_ring, mainiacjoe_overflow_chevrons,
          overflow_temple_1_default, kb_xom_exploding_sheep
D:6:      layout_basic, chei_slow_surprise, kennysheep_mini,
          lemuel_flame_loot_1, uniq_grinder, uniq_menkaure
D:7:      layout_basic, mainiacjoe_overflow_alcove_1
D:8:      layout_cave_pools, mainiacjoe_overflow_alcove_4, vehumet_statue,
          gammafunk_temple_overflow_forgotten, special_room [special_room_orc],
          gammafunk_ghost_smash, serial_shops, nicolae_shop_stone, uniq_psyche
Temple:   hellmonk_temple_two_chambers
Abyss:1:  base: D:8, hangedman_abyss_theft

Skill      XL: |  1  2  3  4  5  6  7  8  9 |
---------------+----------------------------+-----
Axes           | 2 3 4 5 7 8 9 |  9.1
Fighting       | 4 5 7 |  7.1
Dodging        | 1 2 |  2.2
Throwing       | 2 |  2.8
Armour         | 4 5 |  5.0
Shields        | 4 |  4.1
Invocations    | 2 |  2.3

Action                   |  1- 3 |  4- 6 |  7- 9 || total
-------------------------+-------+-------+-------++-------
Melee: War axe           |   117 |    85 |   333 ||   535
Throw: Boomerang         |       |    37 |    38 ||    75
Invok: Heroism           |       |       |     4 ||     4
  Use: Scroll            |     9 |     2 |     6 ||    17
       Potion            |       |     4 |     1 ||     5
Armor: Scale mail        |    41 |       |       ||    41
       Chain mail        |    22 |    59 |   203 ||   284
Dodge: Dodged            |    51 |    20 |   197 ||   268
Block: Buckler           |    14 |    11 |    82 ||   107

Table legend:
 A = Non-vault XP
 B = Vault XP
 C = Vault XP percentage of total XP
 D = Non-vault monster count
 E = Vault monster count
 F = Vault count percentage of total count
                 A         B        C        D         E       F
            +---------+---------+-------+---------+---------+-------
      Total |    3509 |     563 |  13.8 |     140 |      29 |  17.2
            +---------+---------+-------+---------+---------+-------
        D:1 |      36 |       0 |   0.0 |      24 |       0 |   0.0
        D:2 |      10 |       0 |   0.0 |       4 |       0 |   0.0
        D:3 |     165 |      17 |   9.3 |      26 |       3 |  10.3
        D:4 |     289 |       0 |   0.0 |      20 |       0 |   0.0
        D:5 |     483 |       0 |   0.0 |      21 |       0 |   0.0
        D:6 |     791 |     462 |  36.9 |      18 |       2 |  10.0
        D:7 |    1000 |       0 |   0.0 |      12 |       0 |   0.0
        D:8 |     735 |      84 |  10.3 |      15 |      24 |  61.5
            +---------+---------+-------+---------+---------+-------
